Map: Ulrena

Players

STANLEY

  • Race: Terran Terran

Ame - Winner!

  • Race: Zerg Zerg
  • League: Silver

VOD

Have the link to the VOD?

Description

Time

  • Played on: Nov. 15, 2015, 5:38 a.m.
  • Length: 4:28
Show
View Real Time Build Order
Export as new Build Order

STANLEY Terran 

Build Orders:  

Get SALT Encoding   

  12  0:04  SCV  
  13  0:16  SCV  
  14  0:26  Supply Depot  
  14  0:28  SCV  
  15  0:41  Refinery  
  15  0:47  SCV  
  15  0:49  Barracks  
  16  0:54  Refinery  
  16  0:59  SCV  
  17  1:12  SCV  
  17  1:15  Supply Depot  
  18  1:24  SCV  
  19  1:36  SCV  
  19  1:37  Reaper  
  21  1:46  Factory  
  21  1:48  SCV  
  22  2:00  SCV  
  23  2:09  Reaper  
  24  2:30  Command Center  
  24  2:34  SCV  
  25  2:46  SCV  
  26  2:58  SCV  
  28  3:23  Factory Tech Lab  
  28  3:26  Starport  
  27  3:32  Supply Depot  
  27  3:35  Supply Depot  
  27  3:45  Barracks Tech Lab  
  27  3:46  Siege Tank  
  28  3:48  Orbital Command  
  28  4:08  Marine  
Show
View Real Time Build Order
Export as new Build Order

Ame Zerg - Winner!

Build Orders: Hatch First 

Get SALT Encoding   

  12  0:02  Drone  
  13  0:12  Overlord  
  13  0:18  Drone  
  14  0:22  Extractor  
  13  0:30  Drone  
  13  0:31  Drone  
  15  0:38  Drone  
  16  0:58  Hatchery  
  16  1:03  Drone  
  16  1:10  Overlord  
  16  1:19  Drone x2  
  18  1:32  Drone  
  19  1:40  Drone  
  19  1:46  Spawning Pool  
  19  1:50  Drone  
  20  2:02  Drone  
  21  2:11  Drone  
  21  2:12  Drone  
  23  2:18  Evolution Chamber  
  23  2:21  Drone  
  23  2:24  Drone  
  24  2:32  Queen x2  
  24  2:36  Zergling x4  
  29  2:50  Zergling x2  
  30  2:51  Zergling x2  
  29  3:21  Drone  
  29  3:22  Drone x5  
  35  3:38  Drone  
  35  3:41  Overlord  
  35  3:46  Overlord x2  
  35  3:52  Drone, Extractor  
  35  4:00  Overlord  
  37  4:07  Drone  
  37  4:08  Drone  
  37  4:09  Baneling Nest  
Tags
 
League
Silver
Matchup
TvZ
Add a new tag
Caveats
  • Supply blocks, unpowered buildings, or Contaminate may cause inaccurate times.
  • Supply counts are checked every 10 seconds.